[Event "Team 45 45 League T45"]
[Site "Internet Chess Club"]
[Date "2010.05.13"]
[Round "2"]
[White "Magagna"]
[Black "Constrictor"]
[Result "1-0"]
[WhiteElo "1809"]
[BlackElo "1762"]
[Opening "Dutch with c4 & Nc3"]
[ECO "A85"]
[Time "20:02:47"]
[TimeControl "2700+45"]

1. d4 f5 2. c4 Nf6 3. Nc3 e6 4. Nf3 b6 5. e3 Bb7 6. Be2 Bb4 7. Bd2 O-O 8. a3 Be7
9. O-O d6 10. b4 Ne4 11. Qb3 Nxd2 12. Nxd2 e5 13. Bf3 Bxf3 14. Nxf3 e4 15. Nd2
c6 16. Rac1 Kh8 17. Rfd1 Qe8 18. a4 Qh5 19. d5 Rf6 20. Nf1 Rg6 21. Ng3 Qg4 22.
Nce2 Bh4 23. Nf4 Rh6 24. h3 Qg5 25. Ne6 Rxe6 26. dxe6 Bxg3 27. fxg3 Qxg3 28.
Rxd6 Qxd6 29. Rd1 Qe7 30. b5 c5 31. Qc3 Na6 32. Qe5 Nc7 33. Rd7 Qxe6 34. Qxg7#
{Black checkmated} 1-0

[Event "Team 45 45 League T45"]
[Site "Internet Chess Club"]
[Date "2010.05.15"]
[Round "2"]
[White "Frankly"]
[Black "Egmont"]
[Result "0-1"]
[WhiteElo "1753"]
[BlackElo "1785"]
[Opening "QGD Slav: 4.e3"]
[ECO "D11"]
[Time "14:02:21"]
[TimeControl "2700+45"]

1. d4 d5 2. c4 c6 3. Nf3 Nf6 4. e3 Bg4 5. cxd5 cxd5 6. Qb3 Bxf3 7. Qxb7 Bxg2 8.
Bxg2 Nbd7 9. Nc3 e6 10. O-O Bd6 11. Nb5 Bb8 12. f4 Nb6 13. a4 O-O 14. a5 Qd7 15.
Qxd7 Nbxd7 16. Bd2 a6 17. Nc3 Bd6 18. e4 dxe4 19. Nxe4 Nxe4 20. Bxe4 Rab8 21.
Ra2 Nf6 22. Bd3 Ra8 23. Rc1 Nd5 24. Be4 Rac8 25. Bxd5 Rxc1+ 26. Bxc1 exd5 27.
Bd2 Rb8 28. Kf2 g6 29. Kf3 h5 30. Bc3 Kg7 31. h3 Kf6 32. Ra1 Kf5 33. Re1 Rb7 34.
Re8 Rb8 35. Rxb8 Bxb8 36. Bd2 Ba7 37. Be3 Bb8 38. b3 Bd6 39. Bd2 Ke6 40. b4 Kd7
41. f5 g5 42. Bxg5 Bxb4 43. Kg3 Be1+ 44. Kf3 Bxa5 45. Bc1 Bb4 46. Kf4 Be7 47.
Ke5 Kc6 48. Bd2 Bd8 49. Bc3 a5 50. Bb2 Be7 51. Ba1 a4 52. Bb2 a3 53. Ba1 Bh4 54.
Bc3 Bg5 55. Bb4 Bc1 56. Kf6 Bb2 57. Bxa3 Bxa3 58. Kxf7 Kb5 59. Ke6 Kc4 60. Ke5
Bb2 61. f6 Bxd4+ 62. Kf5 Bxf6 63. Kxf6 d4 64. Kg5 d3 65. Kxh5 d2 66. h4 d1=Q+
67. Kg5 Qd8+ 68. Kg4 Kd4 69. h5 Ke4 70. h6 Qg8+ {White resigns} 0-1

[Event "Team 45 45 League T45"]
[Site "Internet Chess Club"]
[Date "2010.05.17"]
[Round "2"]
[White "Stryker672"]
[Black "perikitosax"]
[Result "1-0"]
[WhiteElo "1954"]
[BlackElo "1993"]
[Opening "Caro-Kann: Panov-Botvinnik attack"]
[ECO "B13"]
[Time "13:06:24"]
[TimeControl "2700+45"]

1. e4 c6 2. d4 d5 3. exd5 cxd5 4. c4 Nf6 5. Nc3 Nc6 6. Bg5 dxc4 7. Bxc4 Qxd4 8.
Qxd4 Nxd4 9. O-O-O e5 10. f4 Bg4 11. Nf3 Bxf3 12. gxf3 Rc8 13. fxe5 Rxc4 14.
exf6 Ne6 15. Rhe1 h6 16. fxg7 Bxg7 17. Rd8# {Black checkmated} 1-0

[Event "Team 45 45 League T45"]
[Site "Internet Chess Club"]
[Date "2010.05.17"]
[Round "2"]
[White "lluisdp"]
[Black "screamingeagle"]
[Result "0-1"]
[WhiteElo "2093"]
[BlackElo "2055"]
[Opening "Dutch"]
[ECO "A80"]
[Time "18:00:14"]
[TimeControl "2700+45"]

1. d4 f5 2. Nf3 Nf6 3. Bf4 d6 4. e3 g6 5. h3 Bg7 6. Bc4 e6 7. Nbd2 Qe7 8. Qe2 a5
9. c3 Nbd7 10. O-O-O c6 11. g4 b5 12. Bd3 e5 13. gxf5 exf4 14. fxg6 fxe3 15.
fxe3 Bh6 16. e4 Nh5 17. gxh7 Ng3 18. Qg2 Nxh1 19. Rxh1 Nf8 20. e5 Be6 21. exd6
Qxd6 22. Bg6+ Kd7 23. Re1 Kc7 24. Be4 Bd5 25. Ne5 Re8 26. Kb1 Bxd2 27. Qxd2
Bxe4+ 28. Rxe4 Rxh7 29. c4 b4 30. c5 Qd5 31. Rg4 Rxh3 32. Rg7+ Kc8 33. Rg1 Rxe5
34. Qf2 Qe4+ 35. Ka1 Re8 36. Qf1 Rd3 {White resigns} 0-1

[Event "Team 45 45 League T45"]
[Site "Internet Chess Club"]
[Date "2010.05.16"]
[Round "2"]
[White "alexdb"]
[Black "PopolVuh"]
[Result "0-1"]
[WhiteElo "1958"]
[BlackElo "1965"]
[Opening "French: King's Indian attack"]
[ECO "C00"]
[Time "20:08:06"]
[TimeControl "2700+45"]

1. e4 e6 2. d3 d5 3. Nd2 c5 4. Ngf3 Nc6 5. g3 g6 6. Bg2 Bg7 7. O-O Nge7 8. c3 b6
9. Re1 O-O 10. a3 Qc7 11. Qe2 a5 12. e5 g5 13. h3 Ng6 14. Nxg5 Qxe5 15. f4 Qxe2
16. Rxe2 Ba6 17. c4 Nd4 {White resigns} 0-1

[Event "Team 45 45 League T45"]
[Site "Internet Chess Club"]
[Date "2010.05.15"]
[Round "2"]
[White "Monsoon-Smith"]
[Black "chiiwen"]
[Result "1/2-1/2"]
[WhiteElo "2095"]
[BlackElo "2157"]
[Opening "Sicilian: Kan, 5.Bd3"]
[ECO "B42"]
[Time "21:01:21"]
[TimeControl "2700+45"]

1. e4 c5 2. Nf3 e6 3. d4 cxd4 4. Nxd4 a6 5. Bd3 Nf6 6. O-O Qc7 7. Qe2 d6 8. c4
b6 9. Nc3 Bb7 10. f4 Nbd7 11. Kh1 Be7 12. Bd2 O-O 13. Rae1 Rad8 14. Rf3 g6 15.
Rh3 Rfe8 16. Nb3 h5 17. Rg3 Kh8 18. e5 Ng4 19. Rxg4 hxg4 20. Qxg4 Nf8 21. Re3
dxe5 22. fxe5 Kg8 23. h4 Rxd3 24. Rxd3 Qxe5 25. Be3 Rd8 26. Rxd8 Bxd8 27. Bg1
Bc7 28. Nd4 Nd7 29. Nf3 Qf6 30. Ng5 Ne5 31. Qd4 Qe7 32. Nce4 f5 33. Nc3 Nf7 34.
Nxf7 Qxf7 35. Bh2 Bxh2 36. Kxh2 Qc7+ 37. Kg1 Qc6 38. Qd2 Kf7 39. b3 Qc5+ 40. Kh1
Qc6 41. Kh2 Qc7+ 42. Kg1 Bc6 43. h5 gxh5 44. Qg5 Qe5 45. Qxh5+ Ke7 46. Nd1 Qd4+
47. Kh2 Qf4+ 48. Kg1 Qe4 49. Qg5+ Kd7 50. Qg7+ Kc8 51. Nc3 Qe1+ 52. Kh2 Qh4+ 53.
Kg1 Qd8 54. b4 Qd6 55. a3 Kb8 56. Kh1 f4 57. b5 axb5 58. cxb5 Bb7 59. a4 f3 60.
gxf3 Bxf3+ 61. Kg1 Bb7 62. Kf2 e5 63. Qg3 Qd2+ 64. Kg1 Qd4+ 65. Kf1 Ka8 66. Ke2
Qc4+ 67. Kd2 Qd4+ 68. Ke2 Qd6 69. Qe3 Qe6 70. Kf2 Qf5+ 71. Ke1 Qf6 72. Ke2 Kb8
73. Ke1 Qh4+ 74. Ke2 Qf6 75. Ke1 Bf3 76. Kd2 Qd6+ 77. Kc1 Bb7 78. Kc2 Bc8 79.
Qf3 Qd4 80. Qf6 Bb7 81. Qf8+ Ka7 82. Qg7 Kb8 83. Qf8+ Bc8 84. Qf6 Bb7 85. Qf8+
Kc7 86. Qe7+ Kb8 87. Qf8+ {Game drawn by repetition} 1/2-1/2

[Event "Team 45 45 League T45"]
[Site "Internet Chess Club"]
[Date "2010.05.17"]
[Round "2"]
[White "Fulvio"]
[Black "Freitac"]
[Result "1/2-1/2"]
[WhiteElo "1972"]
[BlackElo "1989"]
[Opening "QGD Slav: 4.e3"]
[ECO "D11"]
[Time "16:30:43"]
[TimeControl "2700+45"]

1. d4 d5 2. Nf3 Nf6 3. c4 c6 4. e3 Bg4 5. h3 Bh5 6. Nc3 e6 7. g4 Bg6 8. Ne5 Nbd7
9. h4 dxc4 10. Nxg6 hxg6 11. g5 Nd5 12. Bxc4 N7b6 13. Bb3 Qxg5 14. hxg5 Rxh1+
15. Ke2 Nxc3+ 16. bxc3 Rxd1 17. Kxd1 Be7 18. e4 O-O-O 19. Ke2 c5 20. Be3 c4 21.
Bc2 Rh8 22. a4 Rh5 23. a5 Nd7 24. Ra4 Bxg5 25. Rxc4+ Kb8 26. Ba4 Nf8 27. f4 Bd8
28. Be8 Bxa5 29. f5 e5 30. dxe5 gxf5 31. Bxf7 Rh2+ 32. Kf1 fxe4 33. e6 Nxe6 34.
Bxe6 Rh8 35. Bf4+ Ka8 36. Be5 Rf8+ 37. Ke2 g5 38. Bg7 Re8 39. Bf7 Rd8 40. Bf6
Rf8 41. Rxe4 a6 42. Re8+ Rxe8+ 43. Bxe8 g4 44. Kf2 Bc7 45. Bh4 Ka7 46. Bd7 g3+
47. Bxg3 Bxg3+ 48. Kxg3 b5 49. Kf3 Kb6 50. Ke3 Kc5 51. Kd3 a5 {Game drawn by
mutual agreement} 1/2-1/2

[Event "Team 45 45 League T45"]
[Site "Internet Chess Club"]
[Date "2010.05.13"]
[Round "2"]
[White "MeanMrMustard"]
[Black "chess9793"]
[Result "1-0"]
[WhiteElo "1884"]
[BlackElo "2010"]
[Opening "Sicilian defense"]
[ECO "B33"]
[Time "22:00:12"]
[TimeControl "2700+45"]

1. e4 c5 2. Nf3 Nc6 3. d4 cxd4 4. Nxd4 Nf6 5. f3 g6 6. c4 Bg7 7. Be3 O-O 8. Be2
d6 9. Nc3 Bd7 10. Qd2 Nxd4 11. Bxd4 a6 12. Nd5 Nxd5 13. Bxg7 Kxg7 14. exd5 b5
15. O-O Qb6+ 16. Kh1 bxc4 17. Bxc4 Rac8 18. b3 Bb5 19. Bxb5 Qxb5 20. Rfe1 Rfe8
21. Rac1 Rxc1 22. Rxc1 e6 23. dxe6 Rxe6 24. Qd4+ Qe5 25. Qxe5+ Rxe5 26. h4 Re2
27. Rd1 Rxa2 28. Rxd6 Ra3 29. Rb6 a5 30. Kh2 f5 31. f4 Kf7 32. g3 Ke7 33. Kh3
Kd7 34. h5 Kc7 35. Rb5 Kc6 36. Rb8 Kd5 37. hxg6 hxg6 38. Kh4 Kd4 39. Kg5 Kc3 40.
Rb5 a4 41. bxa4 Kd4 42. Kxg6 Rxg3+ 43. Kxf5 Rg8 44. Re5 Rf8+ 45. Kg4 Rg8+ 46.
Kf3 Rf8 47. a5 Rf6 48. Re1 Ra6 49. Rd1+ Kc5 50. Kg4 Rxa5 51. Kg5 Ra2 52. f5 Rg2+
53. Kf6 Kc6 54. Kf7 Rf2 55. f6 Kc7 56. Kg7 Rg2+ 57. Kf8 Rf2 58. f7 Kc6 59. Rd4
Kc5 60. Rd7 Kc6 61. Rd4 Kc5 62. Rg4 Kd6 63. Kg7 Ke6 64. f8=Q Rf4 65. Rxf4 Ke5
66. Qf6+ Kd5 67. Rd4+ Kc5 68. Qd6+ Kb5 69. Rb4+ Ka5 70. Qb6# {Black checkmated}
1-0

[Event "Team 45 45 League T45"]
[Site "Internet Chess Club"]
[Date "2010.05.17"]
[Round "2"]
[White "Atlantis"]
[Black "AntonioMendonca"]
[Result "0-1"]
[WhiteElo "1889"]
[BlackElo "1732"]
[Opening "Bogo-Indian defense, Nimzovich variation"]
[ECO "E11"]
[Time "17:09:14"]
[TimeControl "2700+45"]

1. d4 e6 2. c4 Nf6 3. Nf3 Bb4+ 4. Bd2 Qe7 5. a3 Bxd2+ 6. Qxd2 c5 7. e3 d6 8. Nc3
b6 9. d5 e5 10. e4 O-O 11. h3 Na6 12. g3 Bd7 13. Bg2 Nc7 14. Qd3 Rab8 15. b4 a5
16. Rb1 axb4 17. axb4 Na6 18. bxc5 bxc5 19. O-O Nb4 20. Qe2 Rb7 21. Rb2 Ra8 22.
Rfb1 Ra3 23. Rb3 Rxb3 24. Rxb3 Ra7 25. Qd2 Nh5 26. Qb2 f5 27. Ra3 Rxa3 28. Qxa3
f4 29. Qa8+ Kf7 30. g4 Nf6 31. Ng5+ Kg6 32. Nf3 h6 33. Qb8 Nc2 34. Qc7 Kf7 35.
g5 Ne8 36. Qb7 hxg5 37. Nxg5+ Qxg5 38. Qxd7+ Qe7 39. Qf5+ Nf6 40. Nb5 g6 41. Qc8
Nd4 42. Qc6 Nxc6 43. dxc6 Ne8 44. Bf3 Nc7 45. Bg4 Nxb5 46. cxb5 Qc7 47. Bd7 g5
48. f3 Kg6 49. Kf2 Kh5 50. Ke2 Kh4 51. Kd3 Kg3 52. Bg4 Qa5 53. Kc4 Qa2+ 54. Kc3
Qa4 55. c7 Qa5+ 56. Kc4 Qxc7 57. Kd5 c4 {White resigns} 0-1

[Event "Team 45 45 League T45"]
[Site "Internet Chess Club"]
[Date "2010.05.17"]
[Round "2"]
[White "Tamarin"]
[Black "crazyhorses"]
[Result "0-1"]
[WhiteElo "1603"]
[BlackElo "1460"]
[Opening "QGA: 3.e4"]
[ECO "D20"]
[Time "05:03:14"]
[TimeControl "2700+45"]

1. d4 d5 2. c4 dxc4 3. e4 e5 4. Nf3 exd4 5. Bxc4 Bb4+ 6. Bd2 Bxd2+ 7. Nbxd2 Nc6
8. O-O Nf6 9. Nb3 O-O 10. Re1 Bg4 11. Nbxd4 Nxd4 12. Qxd4 Bxf3 13. Qxd8 Raxd8
14. gxf3 Rd4 15. b3 Rfd8 16. Be2 Nh5 17. Rad1 Nf4 18. Rxd4 Rxd4 19. Kf1 f6 20.
Rd1 Rxd1+ 21. Bxd1 c5 22. Be2 Kf7 23. Bc4+ Ke7 24. Ke1 Kd6 25. Kd2 Ke5 26. Ke3
Ng2+ 27. Kd2 Kf4 28. Bf1 Nh4 29. Ke2 Nxf3 30. h3 Nd4+ 31. Ke1 Kf3 32. Bd3 h6 33.
Bb1 Nb5 34. Bd3 Nc3 35. a4 Nxe4 36. Bxe4+ Kxe4 37. Ke2 g5 38. f3+ Kf4 39. Kf2 b6
40. Kg2 a6 41. Kf2 b5 42. axb5 axb5 43. Ke2 f5 44. Kf2 c4 45. bxc4 bxc4 46. Ke2
Kg3 47. Ke3 f4+ 48. Ke2 c3 49. Kd3 Kxf3 50. Kxc3 Ke2 51. h4 gxh4 52. Kd4 h3 53.
Ke5 f3 54. Kd6 f2 55. Kd5 h2 56. Kd6 h1=Q 57. Kc5 f1=Q 58. Kd6 Qf6+ 59. Kc5
Qhc6+ {White resigns} 0-1

[Event "Team 45 45 League T45"]
[Site "Internet Chess Club"]
[Date "2010.05.16"]
[Round "2"]
[White "RayF"]
[Black "megarook"]
[Result "1-0"]
[WhiteElo "1654"]
[BlackElo "1557"]
[Opening "QGD: Orthodox defense, Botvinnik variation"]
[ECO "D60"]
[Time "04:30:17"]
[TimeControl "2700+45"]

1. d4 d5 2. c4 e6 3. Nc3 Nf6 4. Nf3 Nbd7 5. Bg5 Be7 6. e3 O-O 7. Bd3 dxc4 8.
Bxc4 Nd5 9. Bxe7 Qxe7 10. Nxd5 exd5 11. Bxd5 Nf6 12. Bb3 Bf5 13. O-O Rad8 14.
Rc1 b6 15. Ne5 Be4 16. Nc6 Bxc6 17. Rxc6 Rd6 18. Qc2 Rxc6 19. Qxc6 Rd8 20. Rc1
Ne8 21. g3 Rd6 22. Qb7 a5 23. Ba4 Kf8 24. Bxe8 Kxe8 25. Qxc7 Qd8 26. Qc8 Rd7 27.
Rc6 Ke7 28. Qxd8+ Kxd8 29. Rxb6 Rc7 30. Kg2 Rc2 31. a4 Kc7 32. Rb5 f6 33. Kf3
Kd6 34. b4 axb4 35. Rxb4 Ra2 36. Rb7 g5 37. Rxh7 Ke6 38. Ra7 g4+ 39. Kxg4 Rxf2
40. Ra6+ Kf7 41. h4 Kg7 42. d5 Kg6 43. e4 Re2 44. Re6 Kf7 45. a5 Ra2 46. a6 Ra4
47. Kf5 {Black resigns} 1-0

[Event "Team 45 45 League T45"]
[Site "Internet Chess Club"]
[Date "2010.05.14"]
[Round "2"]
[White "sdcohle"]
[Black "seattleblues"]
[Result "1-0"]
[WhiteElo "1375"]
[BlackElo "1247"]
[Opening "King's Indian: Zinnowitz variation"]
[ECO "E61"]
[Time "22:30:23"]
[TimeControl "2700+45"]

1. d4 Nf6 2. c4 g6 3. Nf3 Bg7 4. Nc3 O-O 5. Bg5 d6 6. e4 Re8 7. Be2 e5 8. dxe5
dxe5 9. O-O Nc6 10. Nd5 Qd7 11. Nxf6+ Bxf6 12. Bxf6 Qe6 13. Bg5 f6 14. Be3 Nb4
15. Qb3 Nc6 16. Qc3 Bd7 17. c5 Qe7 18. Bc4+ Be6 19. Bxe6+ Qxe6 20. Rfd1 Kg7 21.
Rd2 Rad8 22. Rad1 Qc8 23. Rxd8 Rxd8 24. Rxd8 Qxd8 25. Qd2 Qxd2 26. Nxd2 b6 27.
cxb6 cxb6 28. a4 Kf7 29. Nc4 Ke6 30. Kf1 Kd7 31. Ke2 Kc7 32. Kd2 Nb4 33. b3 Nc6
34. Kc3 Ne7 35. g4 g5 36. h3 h6 37. f3 Ng6 38. b4 Nh4 39. Nd2 Ng2 40. Bf2 Nf4
41. h4 Nh3 42. Bg3 Kc6 43. hxg5 Nxg5 44. Bh4 b5 45. axb5+ Kxb5 46. Bxg5 hxg5 47.
Nc4 Kc6 48. Na5+ Kb5 49. Nc4 Kc6 50. Na3 Kb6 51. Kc4 a6 52. Kd5 a5 53. bxa5+
Kxa5 54. Ke6 Kb4 55. Kxf6 Kxa3 56. Kxe5 Kb4 57. Kf5 Kc4 58. e5 Kd5 59. Kf6 Kc6
60. e6 Kd6 61. Kf7 Ke5 62. e7 Kf4 63. e8=Q {Black resigns} 1-0

[Event "Team 45 45 League T45"]
[Site "Internet Chess Club"]
[Date "2010.05.16"]
[Round "2"]
[White "Conjurer"]
[Black "MateIn42"]
[Result "0-1"]
[WhiteElo "1239"]
[BlackElo "1396"]
[Opening "QGD: Marshall defense"]
[ECO "A50"]
[Time "22:01:42"]
[TimeControl "2700+45"]

1. d4 Nf6 2. c4 d5 3. Nc3 Nc6 4. Nf3 Bg4 5. Qb3 dxc4 6. Qxb7 Bxf3 7. gxf3 Nxd4
8. Bh3 Nc2+ 9. Kf1 Rb8 10. Qc6+ Nd7 11. Bxd7+ Qxd7 12. Qxd7+ Kxd7 13. Rb1 e6 14.
e4 Bb4 15. Bd2 Nd4 16. Rd1 e5 17. Kg2 Ke6 18. Nd5 Bxd2 19. Rxd2 c6 20. Ne3 Rb7
21. Nxc4 f5 22. Rc1 fxe4 23. fxe4 Rhb8 24. b3 Rf7 25. Rf1 g5 26. Kg3 h5 27. h4
Rf3+ 28. Kg2 g4 29. Ne3 Rf4 30. Rc1 Rxe4 31. Rc5 Rf8 32. Nc4 Rf3 33. Rxd4 Rxd4
34. Rxe5+ Kf6 35. Rxh5 Rdf4 36. Rh6+ Kg7 37. Rxc6 Rxf2+ 38. Kg3 R2f3+ 39. Kg2
Rh3 40. Rc7+ Rf7 41. Rxf7+ Kxf7 42. Ne5+ Ke6 43. Nxg4 Rxh4 44. Kf3 Rh1 45. Nf2
Ra1 46. a4 Ra3 47. Ke4 Rxb3 48. Nd3 Kd6 49. a5 Kc6 50. Kd4 Ra3 51. a6 Ra4+ 52.
Kc3 Kb5 53. Kb3 Rxa6 54. Nb4 Rh6 55. Nc2 Rh4 56. Na3+ Kc5 57. Nc2 a5 58. Ka3 a4
59. Kb2 Rh3 60. Na3 Rb3+ 61. Ka2 Kb4 62. Nc2+ Kc3 63. Na3 Rb2+ 64. Ka1 Kb3 65.
Nb5 Ra2+ 66. Kb1 Rd2 67. Kc1 Rd5 68. Nc7 Rc5+ 69. Kb1 Rxc7 {White resigns} 0-1

[Event "Team 45 45 League T45"]
[Site "Internet Chess Club"]
[Date "2010.05.15"]
[Round "2"]
[White "chesskix"]
[Black "rookmaster23"]
[Result "1-0"]
[WhiteElo "1345"]
[BlackElo "1391"]
[Opening "Sicilian"]
[ECO "B50"]
[Time "20:00:21"]
[TimeControl "2700+45"]

1. e4 c5 2. Nf3 d6 3. Bc4 e6 4. O-O Nf6 5. d3 Be7 6. Nc3 O-O 7. a3 a6 8. Ba2 Bd7
9. e5 dxe5 10. Nxe5 Bd6 11. Nxd7 Nbxd7 12. Bg5 Qc7 13. g3 Qc6 14. Re1 Ne5 15.
Ne4 Be7 16. Bxf6 gxf6 17. Re3 Rfd8 18. Qh5 Rd4 19. f4 f5 20. Ng5 Bxg5 21. Qxg5+
Ng6 22. h4 Kf8 23. h5 Ne7 24. h6 Ng6 25. Qf6 Ke8 26. Bxe6 Ne7 27. Qxf7+ Kd8 28.
Bc4 Ng6 29. Qg8+ Kc7 30. Qxa8 Nxf4 31. gxf4 Rxf4 32. Re7+ Kb6 33. Re6 Rg4+ 34.
Kh2 Rh4+ 35. Kg3 Rg4+ 36. Kh3 Rxc4 37. Rxc6+ {Black resigns} 1-0

[Event "Team 45 45 League T45"]
[Site "Internet Chess Club"]
[Date "2010.05.14"]
[Round "2"]
[White "LeanSixSigma"]
[Black "Fisherman77"]
[Result "0-1"]
[WhiteElo "1403"]
[BlackElo "1396"]
[Opening "QGD: Marshall defense"]
[ECO "A50"]
[Time "14:00:25"]
[TimeControl "2700+45"]

1. d4 Nf6 2. c4 d5 3. Nc3 Bf5 4. Bf4 e6 5. c5 b6 6. Nb5 Na6 7. Qa4 Qc8 8. Nxc7+
Kd8 9. Nxa6 bxc5 10. Qa5+ Kd7 11. Qc7+ Qxc7 12. Nxc7 Rc8 13. e3 Nh5 14. Bb5+ Kd8
15. Ba6 Nxf4 16. Nb5 Nxg2+ 17. Kf1 Rc6 18. Bb7 Rb6 19. Nxa7 Nxe3+ 20. fxe3 Rxb7
21. Nc6+ Kc7 22. Ne5 Be4 23. Nxf7 Rg8 24. b3 Bxh1 25. Ne2 Bd6 26. Nxd6 Kxd6 27.
dxc5+ Kxc5 28. Rc1+ Kd6 29. Nd4 Rb6 30. Kg1 Be4 31. Rc3 e5 32. Nc2 Rc6 33. Rxc6+
Kxc6 34. Nb4+ Kb5 {White resigns} 0-1

[Event "Team 45 45 League T45"]
[Site "Internet Chess Club"]
[Date "2010.05.14"]
[Round "2"]
[White "KidBoa"]
[Black "krysto"]
[Result "0-1"]
[WhiteElo "1286"]
[BlackElo "1230"]
[Opening "Three knights game"]
[ECO "C46"]
[Time "20:00:17"]
[TimeControl "2700+45"]

1. e4 e5 2. Nf3 Nc6 3. Nc3 Bb4 4. a3 Bxc3 5. dxc3 Nf6 6. Bd3 O-O 7. O-O d6 8.
Bg5 Be6 9. Bb5 Nb8 10. c4 Bd7 11. Bxd7 Nbxd7 12. b4 b6 13. a4 Qe7 14. a5 Qe6 15.
Qe2 Rfc8 16. axb6 axb6 17. Rxa8 Rxa8 18. Be3 Nxe4 19. Bxb6 Nxb6 20. Qxe4 Qxc4
21. Qxc4 Nxc4 22. g3 f6 23. Nh4 g6 24. f4 Ne3 25. Rc1 Ra2 26. c3 Rc2 27. Rxc2
Nxc2 28. fxe5 dxe5 29. Kf2 Kf7 30. Kf3 Ke6 31. Ke4 Na3 32. g4 Kd6 33. Ng2 c5 34.
bxc5+ Kxc5 35. Ne3 Nb1 36. c4 Nd2+ 37. Kd3 Nf3 38. Nd5 f5 39. gxf5 gxf5 40. h3
Ng1 41. h4 Nf3 42. h5 Ng5 43. Ne3 e4+ 44. Kc3 f4 45. Ng4 Nf7 46. h6 f3 47. Kd2
Kxc4 48. Ne3+ Kd4 49. Nf5+ Ke5 50. Ng3 Nxh6 51. Ke3 Ng4+ 52. Kd2 Kf4 53. Nxe4
Kxe4 54. Ke1 f2+ 55. Kf1 h6 56. Kg2 Kf4 57. Kf1 h5 58. Kg2 h4 59. Kf1 h3 60. Ke2
h2 61. Kf1 h1=Q+ 62. Ke2 f1=Q+ 63. Kd2 Qhf3 64. Kc2 Q1f2+ 65. Kc1 Qh1# {White
checkmated} 0-1

[Event "Team 45 45 League T45"]
[Site "Internet Chess Club"]
[Date "2010.05.17"]
[Round "2"]
[White "supraholic"]
[Black "kingsrook"]
[Result "0-1"]
[WhiteElo "1263"]
[BlackElo "1357"]
[Opening "Caro-Kann: two knights variation"]
[ECO "B10"]
[Time "19:23:56"]
[TimeControl "2700+45"]

1. e4 c6 2. Nf3 d5 3. Nc3 d4 4. Ne2 c5 5. Nf4 Nc6 6. Bc4 e5 7. Nd5 Be6 8. d3 h6
9. O-O Nf6 10. Nxf6+ Qxf6 11. Nd2 Be7 12. c3 O-O 13. Bxe6 Qxe6 14. c4 b6 15. a3
a5 16. f3 f5 17. exf5 Qxf5 18. Ne4 Rf7 19. Bd2 Raf8 20. Qb3 Rb8 21. f4 Qg4 22.
Qd1 Qxd1 23. Raxd1 b5 24. b3 bxc4 25. bxc4 Rb3 26. fxe5 Nxe5 27. Bxa5 Nxd3 28.
Nxc5 Bxc5 29. Bb4 Nxb4 30. axb4 Rxb4 31. Rfe1 Rxc4 32. Rc1 d3+ 33. Kh1 d2 34.
Re8+ Rf8 35. Rxf8+ Kxf8 36. Rf1+ Kg8 37. g3 Rc1 {White resigns} 0-1

[Event "Team 45 45 League T45"]
[Site "Internet Chess Club"]
[Date "2010.05.15"]
[Round "2"]
[White "parrot9"]
[Black "pawnward"]
[Result "0-1"]
[WhiteElo "1655"]
[BlackElo "1675"]
[Opening "Blackmar gambit"]
[ECO "B01"]
[Time "10:02:11"]
[TimeControl "2700+45"]

1. e4 d5 2. d4 dxe4 3. Nc3 Nf6 4. f3 Bf5 5. Bg5 h6 6. Bxf6 gxf6 7. fxe4 Bg6 8.
Bb5+ c6 9. Be2 e5 10. Nf3 Nd7 11. Nh4 exd4 12. Qxd4 Bc5 13. Qc4 b5 14. Qd3 Ne5
15. Qg3 Qa5 16. Nxg6 fxg6 17. Qf4 O-O-O 18. Qxf6 Rhe8 19. Qh4 b4 20. Bg4+ Kb7
21. Ne2 b3+ 22. c3 Nd3+ 23. Kf1 Qxa2 24. Rd1 Rf8+ 25. Bf3 Qxb2 26. Nd4 Qxc3 27.
Ne6 Qc4 28. Nxd8+ Ka8 29. Ne6 Nb4+ 30. Ke1 Nc2+ 31. Kd2 Be3# {White checkmated}
0-1

[Event "Team 45 45 League T45"]
[Site "Internet Chess Club"]
[Date "2010.05.15"]
[Round "2"]
[White "Manders"]
[Black "Invicta-Knight"]
[Result "1-0"]
[WhiteElo "1655"]
[BlackElo "1497"]
[Opening "Scandinavian defense"]
[ECO "B01"]
[Time "13:25:53"]
[TimeControl "2700+45"]

1. e4 d5 2. exd5 Nf6 3. Nf3 Nxd5 4. d4 Nf6 5. Bf4 Nc6 6. c3 Bg4 7. Nbd2 Nh5 8.
Be3 Qd7 9. Qb3 Na5 10. Qb5 Qxb5 11. Bxb5+ c6 12. Bd3 b5 13. Ne5 Be6 14. b4 Nb7
15. Nxc6 Bd5 16. Be4 Nf6 17. Bxd5 Nxd5 18. Rc1 a6 19. O-O Rc8 20. Ne5 Rxc3 21.
Ne4 Rc7 22. Rxc7 Nxc7 23. Rc1 Ne6 24. d5 Ned8 25. Bb6 f6 26. Nc6 g6 27. Nxd8
Nxd8 28. Rc8 {Black resigns} 1-0

[Event "Team 45 45 League T45"]
[Site "Internet Chess Club"]
[Date "2010.05.15"]
[Round "2"]
[White "Oscar"]
[Black "houseofcook"]
[Result "0-1"]
[WhiteElo "1401"]
[BlackElo "1504"]
[Opening "French: Burn variation"]
[ECO "C11"]
[Time "09:00:30"]
[TimeControl "2700+45"]

1. e4 e6 2. d4 d5 3. Nc3 Nf6 4. Bg5 dxe4 5. Nxe4 Be7 6. Nc3 Nbd7 7. Nf3 O-O 8.
Qd2 c5 9. Nb5 a6 10. Na3 b5 11. c3 Bb7 12. Be2 cxd4 13. cxd4 Ne4 14. Bxe7 Nxd2
15. Bxd8 Nxf3+ 16. gxf3 Rfxd8 17. O-O-O Rac8+ 18. Nc2 Rc7 19. Rd2 Rdc8 20. Kb1
Nf6 21. Rc1 Nd5 22. Bd1 b4 23. Rd3 a5 24. a3 Ba6 25. Rd2 b3 26. h3 bxc2+ 27.
Rcxc2 Rxc2 28. Bxc2 f5 29. h4 Kf7 30. Bb3 Rb8 31. Bxd5 exd5 32. Rc2 Rc8 33. Rc5
Rxc5 34. dxc5 Ke7 35. b4 Kd7 36. Kb2 d4 37. Kc2 d3+ 38. Kc3 axb4+ 39. axb4 Bb5
40. f4 Kc6 41. f3 Kd5 42. Kd2 Kc4 43. h5 Kxb4 44. c6 Kc4 45. c7 Ba6 46. Kd1 Kc5
{White resigns} 0-1

[Event "Team 45 45 League T45"]
[Site "Internet Chess Club"]
[Date "2010.05.13"]
[Round "2"]
[White "Ivio"]
[Black "ScotchYeti"]
[Result "1-0"]
[WhiteElo "1832"]
[BlackElo "1555"]
[Opening "Benoni defense"]
[ECO "A56"]
[Time "13:30:17"]
[TimeControl "2700+45"]

1. d4 Nf6 2. c4 c5 3. e3 cxd4 4. exd4 d6 5. Nf3 g6 6. Bd3 Bg7 7. O-O O-O 8. h3
Nc6 9. a3 Qb6 10. Nc3 Nxd4 11. Nxd4 Qxd4 12. Be3 Qe5 13. Re1 Qa5 14. b4 Qd8 15.
Rc1 b6 16. Qf3 Rb8 17. Ne4 Bb7 18. Nxf6+ Bxf6 19. Be4 Bxe4 20. Qxe4 Re8 21. Rcd1
Qc7 22. Qd3 Rbc8 23. Rc1 Qb7 24. Bd4 Bxd4 25. Qxd4 a6 26. Qh4 b5 27. c5 dxc5 28.
bxc5 e5 29. Qg5 e4 30. Red1 Qe7 31. Qe3 Red8 32. Qc3 Rxd1+ 33. Rxd1 Rxc5 34. Qe3
Rc4 35. Rc1 Rxc1+ 36. Qxc1 Qe6 37. Qe3 f5 38. Qc5 Qc4 39. Qe3 Qc7 40. Qb3+ Kf8
41. a4 Qc4 42. Qb2 b4 43. Qh8+ Qg8 44. Qd4 a5 45. Qc5+ Kg7 46. Qxa5 b3 47. Qc3+
Kh6 48. Qe3+ g5 49. h4 Kh5 50. hxg5 Qxg5 51. Qxb3 Qc1+ 52. Kh2 Qd2 53. Qf7+ Kg4
54. Qg7+ Kh5 55. Qxh7+ Kg5 56. Qg7+ Kh5 57. Qg3 Qa5 58. Qb3 Qe5+ 59. g3 Qd4 60.
Kg2 Qd7 61. Qb5 Qd1 62. Qxf5+ Kh6 63. Qxe4 Qa1 64. Qe3+ Kg6 65. Qb6+ Kf5 66. a5
Qe1 67. Qc5+ Kg4 68. Qd4+ Kg5 69. a6 Qe6 70. Qe3+ Kg6 71. Qxe6+ {Black resigns}
1-0

[Event "Team 45 45 League T45"]
[Site "Internet Chess Club"]
[Date "2010.05.16"]
[Round "2"]
[White "Signalman"]
[Black "Salvatore"]
[Result "1-0"]
[WhiteElo "1532"]
[BlackElo "1569"]
[Opening "Sicilian: Pelikan (Lasker/Sveshnikov) variation"]
[ECO "B33"]
[Time "13:02:52"]
[TimeControl "2700+45"]

1. e4 c5 2. Nf3 Nc6 3. d4 cxd4 4. Nxd4 Nf6 5. Nc3 e5 6. Ndb5 d6 7. Nd5 Nxd5 8.
exd5 Nb8 9. c4 a6 10. Nc3 Be7 11. Bd3 O-O 12. O-O Nd7 13. Be3 f5 14. f4 e4 15.
Be2 Rf6 16. g4 Rg6 17. Kh1 Nf6 18. g5 Bd7 19. gxf6 Bxf6 20. Bh5 Rh6 21. Rc1 Rc8
22. Be2 g5 23. fxg5 Bxg5 24. Bxg5 Qf8 25. Bxh6 Qxh6 26. Rg1+ Kf7 27. Bh5+ Ke7
28. b3 Rf8 29. Rc2 Kd8 30. Rcg2 Kc7 31. Rg5 Qf6 32. Qd2 Qe5 33. Rg8 Rf6 34. R1g7
e3 35. Qe1 Rh6 36. Qh4 Rf6 37. Rf7 Qxc3 38. Qxf6 Qe1+ 39. Rg1 Qf2 40. Rxd7+ Kb6
41. Qd4+ Ka5 42. Qc3+ Kb6 43. Qb4+ {Black resigns} 1-0